Map: Port Aleksander LE

Players

Atikuss - Winner!

  • Race: Zerg Zerg
  • League: Platinum
  • Spawn Location: 11:00

JollyHell

  • Race: Terran Terran
  • League: Platinum
  • Spawn Location: 5:00

VOD

Have the link to the VOD?

Description

Time

  • Played on: Dec. 19, 2018, 3:04 p.m.
  • Length: 13:46
Show
View Real Time Build Order
Export as new Build Order

Atikuss Zerg - Winner!

Build Orders: Hatch First 

Get SALT Encoding   

  12  0:01  Drone  
  13  0:08  Drone  
  13  0:14  Extractor  
  13  0:16  Drone  
  13  0:19  Extractor  
  13  0:23  Drone  
  16  0:30  Overlord  
  16  0:52  Hatchery  
  16  0:56  Drone  
  16  1:11  Spawning Pool  
  16  1:15  Extractor, Drone  
  15  1:19  Drone  
  15  1:22  Drone  
  17  1:27  Drone  
  18  1:41  Drone  
  19  1:57  Queen  
  21  2:03  Queen  
  21  2:06  Zergling x6  
  26  2:15  Drone  
  27  2:16  Overlord  
  27  2:20  Metabolic Boost  
  27  2:30  Drone  
  27  2:36  Drone x2  
  27  2:37  Drone  
  31  2:52  Zergling x2  
  31  2:53  Zergling x2  
  31  2:58  Drone  
  34  3:10  Zergling x4  
  36  3:14  Overlord x2  
  36  3:22  Overlord  
  36  3:40  Drone x3  
  36  3:41  Drone x3  
  42  3:46  Overlord  
  42  3:48  Drone x4  
  46  3:50  Queen  
  46  3:52  Lair  
  48  3:58  Drone  
  48  4:02  Roach Warren  
  48  4:08  Extractor  
  48  4:09  Drone x4  
  51  4:42  Roach  
  51  4:43  Roach x6  
  65  4:51  Drone  
  66  4:56  Drone x2  
  66  4:57  Extractor  
  66  4:58  Hatchery, Overlord x2  
  66  5:13  Overlord  
  66  5:19  Drone x2  
  68  5:32  Roach  
  68  5:33  Roach x9  
  88  5:38  Glial Reconstitution  
  47  6:22  Drone x2  
  47  6:23  Drone x2  
  51  6:39  Roach x4  
  67  6:40  Roach x4  
  67  6:45  Extractor  
  66  6:48  Queen  
  66  6:50  Queen  
  66  6:53  Drone x2  
  72  7:09  Drone x2  
  75  7:15  Drone x2  
  75  7:16  Drone x3  
  75  8:07  Spire  
  75  8:11  Hydralisk Den  
  73  8:38  Roach x4  
  81  8:41  Overlord x2  
  81  8:42  Overlord x3  
  81  8:46  Muscular Augments  
  81  9:20  Drone x4  
  81  9:21  Drone x10  
  95  9:49  Queen  
  97  9:56  Mutalisk x11  
  97  9:57  Grooved Spines  
  119  10:26  Mutalisk  
  119  10:27  Overlord  
  119  10:28  Overlord x13  
  121  10:50  Mutalisk x3  
  127  11:13  Pneumatized Carapace  
  127  11:14  Mutalisk  
  129  11:23  Extractor  
  129  11:24  Extractor  
  127  11:58  Mutalisk  
  127  11:59  Mutalisk x4  
  125  12:43  Mutalisk x6  
  137  12:48  Zergling x4  
  137  12:49  Zergling x38  
Show
View Real Time Build Order
Export as new Build Order

JollyHell Terran 

Build Orders: Command Center First (CC) 

Get SALT Encoding   

  12  0:01  SCV  
  14  0:14  SCV  
  14  0:26  SCV  
  15  0:50  Command Center  
  15  0:59  Supply Depot  
  15  1:05  Supply Depot  
  15  1:21  SCV  
  15  1:24  Barracks  
  16  1:35  Barracks  
  16  1:45  SCV  
  17  2:11  Orbital Command  
  17  2:16  Marine  
  17  2:22  Orbital Command  
  18  2:25  Barracks  
  18  2:27  Marine  
  19  2:40  Marine  
  20  2:45  Marine  
  20  2:50  SCV  
  20  2:51  SCV  
  23  2:55  Barracks  
  23  2:59  Barracks  
  23  3:05  Barracks  
  23  3:08  Marine x2  
  23  3:10  SCV  
  26  3:18  SCV  
  27  3:22  SCV  
  27  3:24  Marine  
  27  3:26  Marine x2  
  31  3:36  SCV x2  
  33  3:42  Marine  
  33  3:44  Marine x2  
  36  3:50  Marine x2  
  36  3:52  SCV x2  
  40  3:59  Marine  
  40  4:00  Supply Depot  
  40  4:01  Marine x2  
  40  4:02  Marine  
  44  4:13  Marine x2  
  46  4:21  Marine x4  
  46  4:23  Supply Depot  
  50  4:25  SCV x2  
  50  4:31  Marine x2  
  54  4:45  Marine x2  
  56  4:47  Marine x2  
  56  4:49  Marine  
  56  4:50  Supply Depot  
  59  4:57  Marine  
  60  5:03  Marine x2  
  60  5:05  Marine x2  
  60  5:07  Marine  
  65  5:14  Marine  
  65  5:20  Marine x2  
  68  5:23  Marine x2  
  68  5:24  Marine  
  66  5:32  Marine  
  67  5:38  Marine x2  
  67  5:41  Marine  
  4  6:42  Marine x2  
  6  6:58  SCV  
  7  7:17  Bunker  
  7  7:18  Marine x3  
  7  7:19  Marine  
  7  7:21  Marine  
  12  7:27  SCV  
  12  7:28  SCV  
    8:18  Orbital Command  
    8:31  Orbital Command  
    8:47  Marine  
  1  9:03  Marine  
  1  9:05  Marine  
  3  9:21  Marine  
  4  9:33  Marine  
  5  9:38  Marine  
  6  10:10  Orbital Command  
  6  10:44  Marine  
  8  10:57  SCV  
  8  11:02  Marine  
  9  11:20  Marine  
  10  11:38  Marine  
  10  11:39  Supply Depot  
  11  11:43  Marine x2  
  12  11:55  Marine  
  12  12:01  Marine x2  
Tags
 
Add a new tag
Caveats
  • Supply blocks, unpowered buildings, or Contaminate may cause inaccurate times.
  • Supply counts are checked every 10 seconds.